 Dungeon Crawl Stone Soup version 0.25.1-1-g288607f5aa (webtiles) character file.

Game seed: 13618040064353172846

1551 Doot the Gouger (level 8, -5/36 HPs)
             Began as a Felid Fighter on July 18, 2020.
             Was a Follower of Ru.
             Killed from afar by Harold (17 damage)
             ... with a harpoon shot
             ... on level 8 of the Dungeon.
             The game lasted 00:21:18 (10221 turns).

Doot the Gouger (Felid Fighter)                    Turns: 10221, Time: 00:21:18

Health: -5/36      AC:  2    Str: 12    XL:     8   Next: 57%
Magic:  9/9        EV: 23    Int:  8    God:    Ru [*.....]
Gold:   388        SH:  0    Dex: 21    Spells: 5/7 levels left
                                        Lives:  0   Deaths: 2

rFire    . . .     SeeInvis +     - Unarmed
rCold    . . .     Gourm    .   (shield unavailable)
rNeg     . . .     Faith    .   (armour unavailable)
rPois    .         Spirit   .   (helmet unavailable)
rElec    .         Reflect  .   (cloak unavailable)
rCorr    .         Harm     .   (gloves unavailable)
MR       .....                  (boots unavailable)
Stlth    +++++.....             (no amulet)
HPRegen  0.12/turn              v - -4 ring of intelligence (curse)
MPRegen  0.11/turn              l - +6 ring of dexterity

@: marked, quick
A: very small, no armour, no weapons or thrown items, stealth, claws 1, fangs 3,
see invisible, carnivore, speed 1, shaggy fur 2, slow metabolism 1, magic
vulnerability 1, sharp paws
a: Renounce Religion


You were on level 8 of the Dungeon.
You worshipped Ru.
Ru was aware of your devotion.
You were very full.

You visited 2 branches of the dungeon, and saw 9 of its levels.
You also visited: Bailey.

You collected 388 gold pieces.

Inventory:

Hand Weapons
 k - a +0 club
 n - a +0 mace
Jewellery
 h - an uncursed ring of flight
 l - a +6 ring of dexterity (right paw)
 v - a cursed -4 ring of intelligence (left paw)
 B - a +6 ring of intelligence
Wands
 E - a wand of clouds (3)
Scrolls
 c - 5 scrolls of identify
 e - 6 scrolls of teleportation
 i - a scroll of immolation {unknown}
 j - a scroll of magic mapping
 q - a scroll of enchant weapon {unknown}
 s - 2 scrolls of noise
 u - a scroll of fear {unknown}
 y - a scroll of acquirement {unknown}
 z - a scroll of vulnerability {unknown}
 C - a scroll of fog {unknown}
 D - 2 scrolls of remove curse {unknown}
Potions
 a - 4 potions of might
 d - 2 potions of heal wounds {unknown}
 f - a potion of cancellation {unknown}
 g - 8 potions of curing
 m - 3 potions of magic {unknown}
 o - a potion of haste
 p - a potion of degeneration {unknown}
 r - 2 potions of lignification {unknown}
 t - a potion of resistance {unknown}
 w - a potion of stabbing {unknown}
 x - 3 potions of mutation {unknown}
 A - 2 potions of ambrosia {unknown}
Comestibles
 b - 11 rations


   Skills:
 + Level 3.8 Fighting
 + Level 6.8 Dodging
 + Level 7.9 Stealth
 + Level 10.3 Unarmed Combat
   Level 0.1 Invocations


You had 5 spell levels left.
You knew the following spells:

 Your Spells              Type           Power        Failure   Level  Hunger
a - Blink                 Tloc           N/A          54%         2    ###....

Your spell library contained the following spells:

 Spells                   Type           Power        Failure   Level  Hunger
 Corona                   Hex            #......      41%         1    ##.....
 Magic Dart               Conj           #...         41%         1    ##.....
 Call Imp                 Summ           #.......     54%         2    ###....
 Slow                     Hex            #.......     54%         2    ###....
 Conjure Flame            Conj/Fire      #.......     78%         3    ####...
 Inner Flame              Hex/Fire       #.......     78%         3    ####...
 Mephitic Cloud           Conj/Pois/Air  #.......     78%         3    ####...
 Cause Fear               Hex            #.........   99%         4    #####..
 Leda's Liquefaction      Hex/Erth       #.........   99%         4    #####..
 Portal Projectile        Hex/Tloc       Unusable     N/A         3    N/A

Dungeon Overview and Level Annotations

Branches:
Dungeon (8/15)             Temple (1/1) D:7          Bailey (visited)
   Lair: D:8-11

Altars:
Ashenzari
Cheibriados
Dithmenos
Elyvilon
Fedhas
Gozag
Hepliaklqana
Kikubaaqudgha
Makhleb
Nemelex Xobeh
Okawaru
Qazlal
Ru
Sif Muna
Trog
Uskayaw
Vehumet
Wu Jian
Xom
Yredelemnul
Zin
The Shining One

Annotations:
D:8 Harold


Innate Abilities, Weirdness & Mutations

You cannot wear armour.
You are incapable of wielding weapons or throwing items.
Your paws allow you to move quietly. (Stealth)
You have sharp claws.
You have razor-sharp teeth.
You have supernaturally acute eyesight. (SInv)
You are carnivorous and can eat meat at any time.
You cover ground quickly.
You are covered in thick fur. (AC +2)
You have a slow metabolism.
You are slightly vulnerable to magic. (MR-)
Your sharp claws are effective at attacking unaware monsters.


Message History

Ouch! That really hurt!
You claw Harold!
Harold is heavily wounded.
Harold is engulfed in freezing vapours.
Harold hits you with a +2 vampiric hand axe.
Harold draws strength from your wounds!
You barely miss Harold.
Harold is heavily wounded.
Harold is engulfed in freezing vapours.
Harold misses you.
Unknown command.
You scratch Harold.
Harold is severely wounded.
Harold is engulfed in freezing vapours.
Harold gestures at you while chanting. A sentinel's mark forms upon you.
Harold points at you and mumbles some strange words.
The mark upon you grows brighter. Harold fires a harpoon shot at you.
The harpoon shot hits you!
You die...

#.............#
#.............#
#.......(.....#
#.##..........#
#.######'######
#†# #.#
#######.# #.#
#(......######.#
#/.[.=.$@....@.#
#......#######.#
####### #.# ###


You could see Harold.

Vanquished Creatures
  Pikel (D:8)
  2 ice beasts
  3 slaves (D:8)
  An orc warrior (Bailey)
  2 ogres
  A centaur (D:5)
  A crocodile (Temple)
  A bullfrog (D:6)
  A scorpion (D:4)
  A wight (D:6)
  A howler monkey (D:4)
  A crimson imp (D:7)
  3 hounds
  3 orc wizards
  A gnoll shaman (Temple)
  A bullfrog skeleton (D:4)
  5 iguanas
  5 worker ants
  A hound skeleton (D:7)
  18 gnolls
  5 adders
  2 oozes
  An adder skeleton (D:8)
  8 worms
  4 dart slugs
  3 leopard geckos
  16 orcs
  4 bats
  5 giant cockroaches
  7 goblins
  17 hobgoblins
  3 jackals (D:7)
  4 quokkas
  A ball python (D:4)
  6 frilled lizards
  22 kobolds
  10 rats
171 creatures vanquished.

Notes
Turn   | Place    | Note
-------+----------+-------------------------------------------
     0 | D:1      | Doot the Felid Fighter began the quest for the Orb.
     0 | D:1      | Reached XP level 1. HP: 10/10 MP: 2/2
    41 | D:1      | You fall into a shaft and drop 1 floor!
   557 | D:1      | Reached XP level 2. HP: 14/14 MP: 3/3
  1590 | D:2      | Noticed an ogre
  1602 | D:2      | Reached XP level 3. HP: 9/17 MP: 4/4
  1775 | D:2      | Reached skill level 1 in Stealth
  2111 | D:3      | Reached skill level 5 in Unarmed Combat
  2155 | D:3      | Reached XP level 4. HP: 12/21 MP: 5/5
  2456 | D:4      | Reached XP level 5. HP: 24/24 MP: 6/6
  2485 | D:4      | Noticed an ogre
  2504 | D:4      | Reached skill level 6 in Unarmed Combat
  2509 | D:4      | Killed an ogre
  2509 | D:4      | Gained mutation: You are covered in thick fur. (AC +2)
                  | [Felid growth]
  2509 | D:4      | Reached XP level 6. HP: 28/28 MP: 7/7
  2886 | D:5      | Entered Level 5 of the Dungeon
  2970 | D:5      | Noticed an ice beast
  3140 | D:5      | Reached skill level 5 in Stealth
  3140 | D:5      | Reached skill level 7 in Unarmed Combat
  3140 | D:5      | Reached XP level 7. HP: 6/31 MP: 8/8
  3443 | D:5      | Mangled by an ice beast
  3444 | D:5      | Reached XP level 6. HP: -6/28 MP: 7/7
  3691 | D:4      | Found a white marble altar of Elyvilon.
  3708 | D:4      | Reached skill level 5 in Dodging
  3730 | D:4      | Became a worshipper of Elyvilon the Healer
  4789 | D:6      | Noticed an orc warrior
  5200 | D:7      | Reached * piety under Elyvilon
  5293 | D:7      | Reached XP level 7. HP: 31/31 MP: 8/8
  5444 | D:7      | Found a flagged portal.
  5453 | Bailey   | Entered a bailey
  5835 | Bailey   | Reached skill level 8 in Unarmed Combat
  6546 | Bailey   | Slain by a gnoll
  6547 | Bailey   | Reached XP level 6. HP: -2/28 MP: 7/7
  6905 | D:7      | Noticed an ice beast
  7089 | D:7      | Found a staircase to the Ecumenical Temple.
  7094 | Temple   | Entered the Ecumenical Temple
  7147 | Temple   | Fell from the grace of Elyvilon
  7147 | Temple   | Became a worshipper of Ru the Awakened
  7443 | Temple   | Reached XP level 7. HP: 25/31 MP: 8/8
  8025 | D:7      | Reached skill level 9 in Unarmed Combat
  9110 | D:3      | Learned a level 2 spell: Blink
  9312 | D:2      | Reached XP level 8. HP: 36/36 MP: 9/9
  9508 | D:2      | Gained mutation: You are slightly vulnerable to magic.
                  | (MR-) [Ru sacrifice]
  9508 | D:2      | Reached * piety under Ru
  9787 | D:8      | Noticed Pikel
  9868 | D:8      | Killed Pikel
  9868 | D:8      | Reached skill level 10 in Unarmed Combat
 10135 | D:8      | Noticed Harold
 10221 | D:8      | Killed from afar by Harold

Illustrated notes

Levels and vault maps discovered:
D:1:      dpeg_arrival_round_a, layout_loops_corners, minmay_pentomino_o4
D:2:      minmay_alternating_diamond, layout_basic
D:3:      layout_rooms
D:4:      kennysheep_six_static_rooms, layout_cave_pods, lemuel_round_altar,
          first_ration, hangedman_minor_gate_pass
D:5:      layout_rooms, gup_sewer_entry_spiral, roderic_lattice_a
D:6:      layout_basic, hangedman_decor_push
D:7:      layout_cave_pools, minmay_temple_entry_nine_rooms, enter_bailey_6
D:8:      layout_basic, uniq_maggie, uniq_pikel, uniq_harold
Temple:   kilobyte_greek_temple

Skill      XL: |  1  2  3  4  5  6  7  8 |
---------------+-------------------------+-----
Stealth        | 1 2 4 5 6 7 |  7.9
Unarmed Combat | 5 6 7 9 10 | 10.3
Dodging        | 5 6 |  6.8
Fighting       | |  3.8
Invocations    | |  0.1

Action                   |  1- 3 |  4- 6 |  7- 9 || total
-------------------------+-------+-------+-------++-------
Melee: Unarmed           |    86 |   150 |   222 ||   458
       Bite              |     9 |    18 |    33 ||    60
       Punch             |     3 |     6 |    13 ||    22
Invok: Lesser Healing    |       |       |     4 ||     4
       Sacrifice Essence |       |       |     1 ||     1
Evoke: Wand              |       |       |     2 ||     2
  Use: Scroll            |       |     4 |       ||     4
 Stab: Sleeping          |     4 |     5 |    12 ||    21
       Distracted        |       |     3 |     5 ||     8
  Eat: Chunk             |     9 |    15 |    10 ||    34
Armor: Skin              |     2 |     4 |     5 ||    11
Dodge: Dodged            |    67 |   105 |   186 ||   358
